AoeStats
← Morty

Arabia

509745825Analyzed
2v2 RM · 3d ago on Sep 27, 2026· 53m 0s· 4 players
Game mode
Random Map
Map size
Medium (4 player)
Population
200
Speed
Normal
Resources
Standard
Victory
Conquest
Starting age
Dark Age
Ending age
Imperial Age
RankedLock teamsTeams togetherTeam positionsShared explorationLock speedFull tech treeHidden civsTurbo modeCheats
Victory
Defeat
🇹🇷 Goths · Türkiye
898
+14
🇹🇷 Persians · Türkiye
855
+16
🇫🇷 Lithuanians · France
887
-16
🇫🇷 Khmer · France
827
-21
Morty
8:44 Loom
10:45 Feudal Age
20:33 Castle Age
22:22 Crossbowman
24:45 Stone Mining
24:41 Double-Bit Axe
24:38 Horse Collar
25:47 Scale Barding Armor
40:40 Heavy Plow
41:18 Wheelbarrow
45:18 Imperial Age
44:47 Ballistics
47:04 Gold Mining
49:05 Elite Leitis
Omz
12:31 Feudal Age
24:47 Castle Age
27:03 Husbandry
28:23 Gold Mining
32:12 Scale Barding Armor
32:08 Scale Mail Armor
32:18 Forging
32:03 Fletching
32:14 Padded Archer Armor
33:18 Elite Skirmisher
40:58 Double-Bit Axe
41:59 Bow Saw
50:10 Imperial Age
52:15 Loom
52:01 Cavalier
bıyık
10:31 Feudal Age
11:02 Loom
11:03 Man-at-Arms
15:57 Horse Collar
20:08 Castle Age
24:42 Double-Bit Axe
25:00 Heavy Plow
24:58 Pikeman
27:28 Fletching
28:18 Bodkin Arrow
31:03 Padded Archer Armor
40:08 Imperial Age
37:19 Elite Skirmisher
42:04 Chemistry
42:35 Wheelbarrow
42:32 Crop Rotation
42:16 Bow Saw
42:43 Bracer
42:59 Leather Archer Armor
45:48 Gold Mining
46:00 Halberdier
46:41 Squires
47:33 Hand Cart
48:21 Two-Man Saw
47:14 Stone Mining
48:00 Ring Archer Armor
47:30 Scale Mail Armor
47:40 Forging
48:28 Perfusion
48:28 Anarchy
48:04 Long Swordsman
49:35 Stone Shaft Mining
49:56 Forging
50:01 Chain Mail Armor
50:23 Conscription
51:28 Iron Casting
51:20 Ballistics
51:11 Masonry
50:57 Murder Holes
50:42 Treadmill Crane
50:37 Cavalier
51:17 Husbandry
50:44 Two-Handed Swordsman
53:47 Blast Furnace
53:25 Architecture
FETALDNATESTİ
12:14 Feudal Age
12:41 Double-Bit Axe
12:48 Man-at-Arms
13:37 Horse Collar
19:30 Wheelbarrow
19:09 Fletching
19:20 Padded Archer Armor
24:37 Castle Age
23:01 Gold Mining
25:37 Heavy Plow
26:05 Bow Saw
27:52 Long Swordsman
28:19 Gambesons
29:40 Hand Cart
32:03 Pikeman
37:52 Leather Archer Armor
37:34 Bodkin Arrow
37:40 Scale Mail Armor
37:51 Forging
41:32 Gold Shaft Mining
44:41 Imperial Age
43:27 Chain Mail Armor
43:48 Iron Casting
44:12 Loom
46:07 Chemistry
47:06 Two-Man Saw
46:43 Ring Archer Armor
46:44 Plate Mail Armor
47:15 Blast Furnace
46:33 Siphons
Connection lost

Rejoining the realm…

Still unreachable

The connection could not be restored.

Session expired

The server has moved on; the page needs a fresh start.